 Dungeon Crawl Stone Soup version 0.31-a0-348-g810772c3d7 (webtiles) character file.

Game seed: 9031038305455127577

72 Hajna the Chiller (level 4, -14/33 HPs)
             Began as a Ghoul Ice Elementalist on July 23, 2023.
             Was an Initiate of Yredelemnul.
             Demolished by Crazy Yiuf
             ... wielding a +3 quarterstaff of chaos
              (21 damage)
             ... on level 2 of the Dungeon.
             The game lasted 00:04:08 (1641 turns).

Hajna the Chiller (Ghoul Ice Elementalist)          Turns: 1641, Time: 00:04:12

Health: -14/33     AC:  3    Str: 11    XL:     4   Next: 26%
Magic:  2/6        EV: 11    Int: 12    God:    Yredelemnul [......]
Gold:   133        SH:  0    Dex:  9    Spells: 4/8 levels left

rFire   . . .        (no weapon)
rCold   + . .        (no shield)
rNeg    + + +        h - +0 leather armour
rPois   ∞            (no helmet)
rElec   .            (no cloak)
rCorr   .            (no gloves)
SInv    .            (no boots)
Will    .....        (no amulet)
Stlth   ++           (no ring)
HPRegen 0.00/turn    (no ring)
MPRegen 0.10/turn

%: no passive effects
@: freezing walls, inhibited regen
A: claws 1, cold resistance 1, negative energy resistance 3, inhibited
regeneration, torment resistance 2, devour on kill
a: Renounce Religion, Recall Undead Harvest


You were on level 2 of the Dungeon.
You worshipped Yredelemnul.
Yredelemnul was noncommittal.
You visited 1 branch of the dungeon, and saw 2 of its levels.

You collected 133 gold pieces.

Inventory:

Armour
 a - a +0 robe
 h - a +0 leather armour (worn)
Wands
 g - a wand of flame (23)
Scrolls
 c - a scroll of vulnerability {unknown}
 d - a scroll of fear {unknown}
 i - a scroll of enchant weapon {unknown}
 j - a scroll of revelation {unknown}
 k - a scroll of identify {unknown}
Potions
 b - a potion of magic
 e - a potion of berserk rage {unknown}
 f - a potion of heal wounds {unknown}
 l - a potion of haste {unknown}


   Skills:
 + Level 0.1 Armour
 + Level 1.9 Dodging
 + Level 2.4 Stealth
 + Level 0.2 Unarmed Combat
 + Level 2.6 Spellcasting
 + Level 5.3 Ice Magic


You had 4 spell levels left.
You knew the following spells:

 Your Spells              Type           Power      Damage    Failure   Level
a - Freeze                Ice            56%        1d7       3%          1
b - Frozen Ramparts       Ice            28%        1d5       12%         3

Your spell library contained the following spells:

 Spells                   Type           Power      Damage    Failure   Level
 Ozocubu's Armour         Ice            14%        N/A       12%         3
 Momentum Strike          Conj/Tloc      2%         3d8       45%         2
 Summon Guardian Golem    Hex/Summ       1%         N/A       71%         3
 Summon Ice Beast         Ice/Summ       7%         N/A       75%         4
 Haunt                    Necr/Summ      0%         N/A       100%        7
 Malign Gateway           Summ/Tloc      0%         N/A       100%        7
 Summon Hydra             Summ           0%         N/A       100%        7
 Borgnjor's Revivificati  Necr           Unusable   N/A       N/A         8
 Death's Door             Necr           Unusable   N/A       N/A         9

Dungeon Overview and Level Annotations

Branches:
Dungeon (2/15)

Altars:
Yredelemnul

Shops:
D:1 (

Annotations:
D:2 Crazy Yiuf


Innate Abilities, Weirdness & Mutations

You are immune to poison.
You have sharp fingernails.
Your flesh is cold resistant. (rC+)
You are immune to negative energy. (rN+++)
You do not regenerate when monsters are visible.
You are immune to unholy pain and torment.
You thrive by killing the living.


Message History

You kill the kobold!
You feel better.
The dead are walking!
You can't see any susceptible monsters within range! (Use Z to cast anyway.)
You swap places.
You swap places.
You swap places.
You swap places.
You swap places.
You see here 5 stones.
Things that are here:
a +0 dagger; 2 atropa-tipped darts
There is an open door here.
You see here a +0 dagger.
There is an open door here.
Found a hammer.
Found a runed translucent door.
Crazy Yiuf shouts!
You open the door.
Crazy Yiuf whimpers, "Papa Hive shoe!"
Casting: Freeze (safe; 3% risk of failure)
Confirm with . or Enter, or press ? or * to list all spells.
The spell is quite dangerous to miscast (12% risk of failure)!
Continue anyway?
Casting: Frozen Ramparts (quite dangerous; 12% risk of failure)
Press: ? - help, Dir - look around, f - activate The walls around you are covered in ice.
The wall freezes Crazy Yiuf.
Crazy Yiuf hits you with a +3 quarterstaff of chaos!
Crazy Yiuf freezes you.
You are already empty-clawed.
Aiming: Freeze (safe; 3% risk of failure)
Press: ? - help, Q - select action, (/) - cycle Shift-Dir - straight line, f - Crazy Yiuf
Aim: Crazy Yiuf, wielding a +3 quarterstaff of chaos and wearing a +0 cloak (lightly wounded, ally target)
You freeze Crazy Yiuf!
Crazy Yiuf is heavily wounded.
The wall freezes Crazy Yiuf.
Crazy Yiuf hits you with a +3 quarterstaff of chaos!
* * * LOW HITPOINT WARNING * * *
You convulse!!
Ouch! That really hurt!
You die...
Yredelemnul claims you as an undead slave.

#......#
#.#.####.#
#......#
#.....ZZ.#
##.#####
###.###... #Z#
###+####.# #.#
#.......(. ##.#
#.........
#..#### ###
#.........
#..#..## ###..)#
#.........
#...Z..####@g...#
###.......
##......#.Z##...#
######..
###...#.### ###
### #######
###########
#..........
#.#########
#.#........


You could see Crazy Yiuf (ally target) and a friendly jackal zombie.

Vanquished Creatures
  4 dart slugs
  4 endoplasms (D:2)
  3 giant cockroaches
  5 goblins
  2 hobgoblins
  2 jackals (D:2)
  3 kobolds
  A quokka (D:2)
  3 ball pythons
  7 bats
  A frilled lizard (D:1)
  4 rats
39 creatures vanquished.

Vanquished Creatures (collateral kills)
  2 adders (D:2)
  A worm (D:2)
3 creatures vanquished.

Vanquished Creatures (others)
  A bat zombie (D:2)
  A dart slug zombie (D:2)
2 creatures vanquished.

Grand Total: 44 creatures vanquished

Notes
Turn   | Place    | Note
-------+----------+-------------------------------------------
     0 | D:1      | Hajna the Ghoul Ice Elementalist began the quest for the
                  | Orb.
     0 | D:1      | Reached XP level 1. HP: 14/14 MP: 2/2
   201 | D:1      | Reached XP level 2. HP: 17/20 MP: 1/3
   240 | D:1      | Found a faded altar of an unknown god.
   271 | D:1      | Prayed at the altar of an unknown god.
   271 | D:1      | Became a worshipper of Yredelemnul the Dark
   271 | D:1      | Reached * piety under Yredelemnul
   450 | D:1      | Reached skill level 5 in Ice Magic
   482 | D:1      | Found Roxtec's Antique Weapon Shop.
   669 | D:1      | Got Laluub's Spellbook of Amassed Combat Magic
   830 | D:2      | Reached XP level 3. HP: 26/26 MP: 5/5
   915 | D:2      | Learned a level 3 spell: Frozen Ramparts
  1124 | D:2      | Reached XP level 4. HP: 33/33 MP: 0/6
  1635 | D:2      | Found a runed translucent door.
  1636 | D:2      | Noticed Crazy Yiuf
  1641 | D:2      | Demolished by Crazy Yiuf

Illustrated notes

Levels and vault maps discovered:
D:1:      dpeg_arrival_ternary, layout_basic, serial_shops, shop,
          basic_ecumenical_altar
D:2:      layout_basic, uniq_crazy_yiuf_cottage

Skill      XL: |  1  2 |
---------------+-------+-----
Ice Magic      | 5 |  5.3
Spellcasting   | 2 |  2.6
Armour         | |  0.1
Dodging        | |  1.9
Stealth        | |  2.4
Unarmed Combat | |  0.2

Action                     |  1- 3 |  4- 6 || total
---------------------------+-------+-------++-------
  Melee: Unarmed           |    21 |     2 ||    23
   Cast: Freeze            |    38 |    11 ||    49
         Frozen Ramparts   |     1 |     2 ||     3
 Armour: Robe              |    12 |       ||    12
         Leather armour    |     4 |     4 ||     8
  Dodge: Dodged            |    37 |     2 ||    39

Table legend: (Time is in decaauts)
 A = Elapsed time spent in this place.
 B = Non-inter-level travel time spent in this place.
 C = Inter-level travel time spent in this place.
 D = Time resting spent in this place.
 E = Time spent auto-exploring this place.
 F = Levels seen in this place.
 G = Mean time per level.
                   A        B        C        D        E       F      G
               +--------+--------+--------+--------+--------+-----+--------+
         Total |   1640 |   1621 |     19 |      0 |   1343 |   2 |  820.0 |
       Dungeon |   1640 |   1621 |     19 |      0 |   1343 |   2 |  820.0 |
               +--------+--------+--------+--------+--------+-----+--------+

Top non-repeatable levels by time:
     D:2: 852 daAuts
     D:1: 788 daAuts
